 Dungeon Crawl Stone Soup version 0.30-a0-341-g682706514a (webtiles) character file.

Game seed: 10719231873345167257

2 koil the Ruffian (level 1, 0/24 HPs)
             Began as a Draconian Transmuter on Nov 4, 2022.
             Succumbed to a kobold's poison
             ... on level 1 of the Dungeon.
             The game lasted 00:01:09 (307 turns).

koil the Ruffian (Draconian Transmuter)              Turns: 307, Time: 00:01:09

Health: 0/24       AC: 20    Str: 12    XL:     1   Next: 33%
Magic:  3/3        EV:  2    Int: 13    God:
Gold:   41         SH:  0    Dex: 11    Spells: 3/4 levels left

rFire   . . .      SeeInvis .      - Unarmed
rCold   . . .      Faith    .    (no shield)
rNeg    . . .      Spirit   .    (body armour unavailable)
rPois   +          Reflect  .    (helmet currently unavailable)
rElec   .          Harm     .    (cloak currently unavailable)
rCorr   .          Rampage  .    (gloves currently unavailable)
Will    .....      NoTele   +    (boots currently unavailable)
Stlth   +.........               (no amulet)
HPRegen 0.24/turn                (no ring)
MPRegen 0.08/turn                (no ring)

@: lethally poisoned (0 -> -11), tree-form
A: stationary, stasis, torment immunity, boosted hp, AC +4, unfitting armour,
(cold-blooded)
a: no special abilities


You were on level 1 of the Dungeon.
You were a tree.
You visited 1 branch of the dungeon, and saw 1 of its levels.

You collected 41 gold pieces.

Inventory:

Scrolls
 b - a scroll of magic mapping {unknown}
 c - a scroll of identify {unknown}


   Skills:
 + Level 1.2 Fighting
 + Level 1.8 Dodging
 + Level 3.0 Unarmed Combat
 + Level 2.0 Spellcasting
 + Level 2.0 Transmutations


You had 3 spell levels left.
You knew the following spells:

 Your Spells              Type           Power      Damage    Failure   Level
a - Beastly Appendage     Tmut           12%        N/A       11%         1

Your spell library contained the following spells:

 Spells                   Type           Power      Damage    Failure   Level
 Wereblood                Tmut           6%         N/A       17%         2
 Sandblast                Erth           2%         2d4       26%         1
 Shock                    Conj/Air       4%         1d3       26%         1
 Passwall                 Tmut/Erth      3%         N/A       26%         2
 Spider Form              Tmut/Pois      4%         N/A       45%         3
 Stone Arrow              Conj/Erth      2%         3d7       58%         3
 Swiftness                Air            1%         N/A       58%         3
 Ice Form                 Ice/Tmut       4%         N/A       86%         4
 Airstrike                Air            0%         2d(1-17)  94%         4
 Olgreb's Toxic Radiance  Pois           1%         N/A       94%         4
 Ozocubu's Refrigeration  Ice            0%         4d7       100%        7
 Ignition                 Fire           0%         3d3       100%        8


Dungeon Overview and Level Annotations

Branches:
Dungeon (1/15)

Altars:


Innate Abilities, Weirdness & Mutations

You are a tree.
Your roots penetrate the ground, keeping you stationary.
You cannot be teleported.
You are immune to unholy pain and torment.
Your maximum health is greatly increased.
Your equipment is partially melded.
((Your plain brown scales are hard. (AC +4)))
You cannot fit into any form of body armour.
((You are cold-blooded and may be slowed by cold attacks.))


Message History

The frilled lizard misses you.
You barely miss the frilled lizard.
Your headbutt misses the frilled lizard.
You punch the frilled lizard.
You kill the frilled lizard!
No target in view!
No target in view!
Your transformation is almost over.
Your horns disappear.
Your talons disappear.
You pick up the Unrestrained Analects and begin reading...
You add the spells Olgreb's Toxic Radiance, Ozocubu's Refrigeration and Ignition to your library.
You now have 41 gold pieces (gained 10).
A kobold comes into view. It is wielding a +1 dagger of venom.
The kobold shouts!
No reachable target in view!
No reachable target in view!
A kobold is nearby!
No reachable target in view!
You barely miss the kobold. The kobold hits you but does no damage.
You are poisoned.
You hit the kobold but do no damage.
You feel very sick.
The kobold hits you with a +1 dagger of venom.
You are lethally poisoned!
You hit the kobold.
You kill the kobold!
You feel very sick.
You are too injured to fight recklessly!
Casting: Beastly Appendage (safe; 11% risk of failure)
Confirm with . or Enter, or press ? or * to list all spells.
Okay, then.
Unknown command.
Really quaff the potion of lignification?
You turn into a tree.
Your roots penetrate the ground.
* * * LOW HITPOINT WARNING * * *
You feel very sick.
There is a lethal amount of poison in your body!
* * * LOW HITPOINT WARNING * * *
You feel very sick.
You die...

##.# ##....## ##..#
##......#
##...####.....<..
########.......##(.....#
#...####..####.###....##
#....###..# #.# ##...#.
#....###..# #.# ##..#.
...#..##..# #.# ##.#.
..##..#♣.## #.######+##
.###..).## #.....#...#
.###...## ##......#..
##### ####.#.#.# #.....#
#+######...###
#..........# #
#########..###
#...........


There were no monsters in sight!

Vanquished Creatures
  2 kobolds (D:1)
  A frilled lizard (D:1)
3 creatures vanquished.

Notes
Turn   | Place    | Note
-------+----------+-------------------------------------------
     0 | D:1      | koil the Draconian Transmuter began the quest for the Orb.
     0 | D:1      | Reached XP level 1. HP: 16/16 MP: 3/3
   307 | D:1      | Succumbed to a kobold's poison

Illustrated notes

Levels and vault maps discovered:
D:1:      mrwooster_arrival_arrow, layout_basic, hangedman_glass_teeth,
          minmay_misc_feat_iff

Action                   || total
-------------------------++-------
Melee: Unarmed           ||     5
       Punch             ||     1
 Cast: Beastly Appendage ||     3
  Use: Potion            ||     1
Armor: Skin              ||     2
Dodge: Dodged            ||     1

Table legend: (Time is in decaauts)
 A = Elapsed time spent in this place.
 B = Non-inter-level travel time spent in this place.
 C = Inter-level travel time spent in this place.
 D = Time resting spent in this place.
 E = Time spent auto-exploring this place.
 F = Levels seen in this place.
 G = Mean time per level.
                   A        B        C        D        E       F      G
               +--------+--------+--------+--------+--------+-----+--------+
         Total |    306 |    306 |      0 |      0 |    280 |   1 |  306.0 |
       Dungeon |    306 |    306 |      0 |      0 |    280 |   1 |  306.0 |
               +--------+--------+--------+--------+--------+-----+--------+

Top non-repeatable levels by time:
     D:1: 306 daAuts
